Cogmind - Beta 16.1 @@@ ROGUE MODE // 2026.06.22 @ 23:10:39 Player: Lolterzard Result: Destroyed by G-47 Trooper with Particle Gun Performance ------------- Evolutions (2) 1000 Regions Visited (5) 1000 Robots Destroyed (58) 290 Value Destroyed (1080) 1080 Prototype IDs (23) 460 Alien Tech Used (0) 0 Bonus (413) 413 TOTAL SCORE: 4243 Bonus ------- Follower Combat Kills 113 Aligned with FarCom 300 Cogmind --------- Core Integrity 0/550 Matter 199/300 Energy 240/240 System Corruption 0% Temperature Cool (11) Movement Rolling (99) Ox1 Location -8/Materials Parts ------- > --- POWER (1) -------- Nuclear Core > --- PROPULSION (6) --- Wheel Wheel Wheel Wheel Compact Wheel > --- UTILITY (2) ------ Huge Storage Unit Hardened Medium Armor Plating > --- WEAPON (2) ------- Heavy Assault Rifle Heavy Assault Rifle > --- INVENTORY (25) --- Improved Ion Engine Nuclear Core Nuclear Core Light Treads Wheel Improved Heat Sink Improved Heat Sink Large Storage Unit Seismic Detector Weapon Shielding Hardened Medium Armor Plating Hardened Medium Armor Plating Hardened Medium Armor Plating Hardened Medium Armor Plating Hardened Medium Armor Plating Hardened Medium Armor Plating Hardened Medium Armor Plating Hardened Medium Armor Plating Shield Generator Tractor Beam Flak Cannon Grenade Launcher Grenade Launcher Mining Laser Hammer Peak State ------------ > --- POWER ------------ Nuclear Core > --- PROPULSION ------- Wheel Wheel Wheel Wheel Wheel Compact Wheel > --- UTILITY ---------- Huge Storage Unit Hardened Medium Armor Plating > --- WEAPON ----------- Light Assault Rifle Heavy Assault Rifle > --- INVENTORY -------- Improved Ion Engine Nuclear Core Nuclear Core Light Treads Improved Heat Sink Improved Heat Sink Large Storage Unit Seismic Detector Weapon Shielding Hardened Medium Armor Plating Hardened Medium Armor Plating Hardened Medium Armor Plating Hardened Medium Armor Plating Hardened Medium Armor Plating Hardened Medium Armor Plating Hardened Medium Armor Plating Hardened Medium Armor Plating Shield Generator Tractor Beam Flak Cannon Grenade Launcher Grenade Launcher Mining Laser Hammer [Rating: 21] Favorites ----------- Power Ion Engine Engine Ion Engine Power Core Nuclear Core Propulsion Wheel Treads Light Treads Wheel Wheel Utility Huge Storage Unit Device Seismic Detector Storage Huge Storage Unit Protection Hardened Medium Armor Plating Weapon Assault Rifle Energy Gun Shock Rifle Ballistic Gun Assault Rifle Launcher Grenade Launcher Build | -11 -10 -10 -10 -9 -8 ------- Run | Yrd Mat Min Exi Min Mat Slots Evolved 4 | . . . . . 4 Power . | . . . . . . Propulsion 4 | . . . . . 4 Utility . | . . . . . . Weapon . | . . . . . . Parts Attached 51 | 7 7 . . 4 33 Power 6 | 1 2 . . . 3 Engine 5 | 1 2 . . . 2 Core 1 | . . . . . 1 Reactor . | . . . . . . Propulsion 21 | 2 2 . . 2 15 Treads 7 | 2 . . . 2 3 Leg . | . . . . . . Wheel 14 | . 2 . . . 12 Hover . | . . . . . . Flight . | . . . . . . Utility 10 | 2 2 . . . 6 Device 3 | 1 . . . . 2 Storage 3 | 1 2 . . . . Processor . | . . . . . . Hackware . | . . . . . . Protection 4 | . . . . . 4 Artifact . | . . . . . . Weapon 14 | 2 1 . . 2 9 Energy Gun 1 | . . . . . 1 Energy Cannon . | . . . . . . Ballistic Gun 10 | 2 1 . . 1 6 Ballistic Cannon . | . . . . . . Launcher 3 | . . . . 1 2 Special Weapon . | . . . . . . Impact Weapon . | . . . . . . Slashing Weapon . | . . . . . . Piercing Weapon . | . . . . . . Special Melee Weapon . | . . . . . . Unidentified Prototypes . | . . . . . . Parts Lost 29 | . . . . 6 23 Power 3 | . . . . . 3 Propulsion 15 | . . . . 3 12 Utility 3 | . . . . 1 2 Weapon 8 | . . . . 2 6 Highest Loss Streak 7 | . . . . 6 7 To Critical Strikes 1 | . . . . . 1 Average Backups 19 | 3 13 24 23 21 19 Power 2 | . 1 3 2 2 2 Propulsion 3 | 1 2 5 5 5 1 Utility 7 | . 3 9 8 8 10 Weapon 5 | . 4 7 7 5 5 Tool/Special . | . . . . . . Unused Backups 31 | . . 2 1 . 28 Power 3 | . . . . . 3 Propulsion 2 | . . 1 . . 1 Utility 19 | . . 1 . . 18 Weapon 7 | . . . 1 . 6 Tool/Special . | . . . . . . Average Slot Usage (%) 87 | . 100 100 100 88 71 Engine 11 | . 14 14 14 14 5 Core 1 | . . . . . 3 Treads 11 | . 9 . . 20 12 Wheel 17 | . 18 28 28 6 18 Device 7 | . 14 14 14 3 1 Storage 12 | . 14 14 14 14 9 Protection 1 | . . . . . 4 Ballistic Gun 23 | . 28 28 28 27 15 Peak Build Rating 21 | 7 9 9 11 12 21 Average Rating 10 | 5 7 9 9 9 12 On Entrance 7 | . 7 9 9 11 8 Avg Prop Armor Cover (%) 8 | 22 . . . . 7 Naked Turns . | . . . . . . Heaviest Build 101 | 12 90 90 90 92 101 Greatest Support 125 | 40 40 26 26 40 125 Greatest Overweight (x) 9 | 3 3 3 3 5 9 Average Overweight (x) 2 | . 2 3 3 2 3 Largest Inventory Capacity 25 | 8 25 25 25 25 25 Average Capacity 23 | 7 20 25 25 25 25 Most Carried 25 | 5 24 25 25 25 25 Average Carried 19 | 3 13 24 24 23 19 Final Capacity 25 | 8 25 25 25 25 25 Final Carried 25 | 5 24 25 25 25 25 Class Distribution -------------------- 73% | Mutant 19% | Scavenger-Mutant 5% | Skirmisher Dominant Class ---------------- Mutant | -10/Materials Mutant | -10/Mines Mutant | -10/Exiles Mutant | -9/Mines Scavenger-Mutant | -8/Materials Resources | -11 -10 -10 -10 -9 -8 ----------- Run | Yrd Mat Min Exi Min Mat Matter Collected 1324 | 261 351 45 . 141 526 Remotely . | . . . . . . Salvage Created 1900 | 144 495 102 . 81 1078 Parts 138 | 7 49 9 . 6 67 Haulers Intercepted 3 | . 2 . . . 1 Recyclers Shooed 6 | . 1 . . . 5 Parts Field Recycled . | . . . . . . Retrieved Matter . | . . . . . . Parts Self-Destructed . | . . . . . . Prevented . | . . . . . . Parts Restored . | . . . . . . Kills | -11 -10 -10 -10 -9 -8 ------- Run | Yrd Mat Min Exi Min Mat Combat Hostiles Destroyed 35 | . 10 4 . 4 17 Guns 31 | . 10 4 . . 17 AOE 4 | . . . . 4 . Classes Destroyed 13 | 2 7 . . 1 3 Worker 8 | . 1 1 . 1 5 Builder 5 | . 2 . . 1 2 Tunneler 3 | 2 1 . . . . Hauler 3 | . 2 . . . 1 Recycler 3 | 1 . . . . 2 Mechanic 1 | . . . . . 1 Operator 1 | . 1 . . . . Watcher 3 | . 2 . . . 1 Swarmer 13 | . 6 3 . . 4 Grunt 13 | . 4 1 . . 8 Duelist 1 | . . . . . 1 Sentry 4 | . . . . . 4 Assembled 4 | . . . . 4 . Best Kill Streak 5 | 3 4 3 . 4 5 Combat Bots Only 4 | . 4 3 . 4 3 Max Kills in Single Turn 2 | 1 2 1 . 2 1 Gunslinging . | . . . . . . Exploded 2 | . . . . 2 . Melee . | . . . . . . Uniques/NPCs Destroyed . | . . . . . . Combat | -11 -10 -10 -10 -9 -8 -------- Run | Yrd Mat Min Exi Min Mat Hostile Shots Fired 240 | . 35 9 . 39 157 Missed 55 | . 10 2 . 11 32 Hits 185 | . 25 7 . 28 125 Melee 15 | . . . . 6 9 Projectile 170 | . 25 7 . 22 116 Critical Strikes 8 | . . . . 1 7 Actively Blocked 2 | . . . . . 2 Damage Taken 3235 | . 352 65 . 565 2253 Core 765 | . 71 11 . 127 556 Absorbed by Shields . | . . . . . . Redirected to Shielding 53 | . . . . . 53 Core Remaining (%) 58 | 100 . . . 16 . Volleys Fired 212 | 9 46 7 . 9 141 Largest 2 | 2 2 2 . 2 2 Hottest 70 | 40 40 40 . 53 70 Shots Fired 395 | 18 92 15 . 19 251 Gun 392 | 18 92 15 . 16 251 Cannon . | . . . . . . Launcher 3 | . . . . 3 . Special . | . . . . . . Kinetic 370 | 18 92 15 . 16 229 Thermal . | . . . . . . Explosive 3 | . . . . 3 . Electromagnetic 22 | . . . . . 22 Robot Hit Streak 18 | 5 10 4 . 6 18 Robot Miss Streak 4 | 3 4 2 . 3 4 Penetration Max . | . . . . . . Secondary Targets 7 | . 3 1 . . 3 Max Gunslinging Chain 1 | . 1 1 . . 1 Shots Hit Robots 255 | 11 55 9 . 10 170 Core Hits 118 | 5 28 8 . 6 71 Critical Kills 2 | . 2 . . . . Critical Parts Destroyed 1 | . 1 . . . . Critical Strikes 3 | . 3 . . . . Destroy 3 | . 3 . . . . Melee Attacks . | . . . . . . Impact . | . . . . . . Slashing . | . . . . . . Piercing . | . . . . . . Sneak Attacks . | . . . . . . Combat Hostiles . | . . . . . . Follow-up Attacks . | . . . . . . Damage Inflicted 3032 | 107 650 123 . 407 1745 Guns 2714 | 107 650 123 . 99 1735 Cannons . | . . . . . . Explosions 308 | . . . . 308 . Melee . | . . . . . . Ramming 10 | . . . . . 10 Kinetic 2507 | 107 650 123 . 99 1528 Thermal . | . . . . . . Explosive 308 | . . . . 308 . Electromagnetic 207 | . . . . . 207 Impact . | . . . . . . Slashing . | . . . . . . Piercing . | . . . . . . Highest Corruption 1 | . 1 1 1 1 . Average Corruption 1 | . 1 1 1 1 . Corruption Purged . | . . . . . . Corruption Blocked . | . . . . . . Effects 15 | . . 6 2 7 . Message Errors 3 | . . 1 . 2 . Matter Fused 3 | . . 1 1 1 . Energy Discharges 1 | . . . 1 . . Data Loss (minor) 2 | . . 1 . 1 . Data Loss (major) 4 | . . 2 . 2 . Misfires 2 | . . 1 . 1 . Overload Shots . | . . . . . . Overflow Damage 5 | . . . . 5 . Projectiles . | . . . . . . Explosions 5 | . . . . 5 . Melee . | . . . . . . Knockbacks . | . . . . . . Impact . | . . . . . . Kinetic . | . . . . . . Secondary . | . . . . . . Self-Inflicted Damage 96 | . . . . 92 4 Shots 3 | . . . . 3 . Rammed 3 | . . . . 1 2 Targets Rammed 3 | . . . . 1 2 Kicked . | . . . . . . Crushed . | . . . . . . Highest Temperature 40 | . 9 . . 40 37 Average Temperature 7 | . 7 . . 12 7 Received Heat Transfer 862 | . 84 18 . 112 648 Siege Activations . | . . . . . . Martial Activations . | . . . . . . Shielding Activations . | . . . . . . Robots Disrupted . | . . . . . . Combat Hostiles . | . . . . . . Robots Corrupted . | . . . . . . Combat Hostiles . | . . . . . . Parts Fried 1 | . . . . . 1 Impact Corruptions . | . . . . . . Robots Melted . | . . . . . . Combat Hostiles . | . . . . . . Parts Melted . | . . . . . . Heat Transferred . | . . . . . . Parts Sabotaged . | . . . . . . Parts Stolen . | . . . . . . Parts Stripped . | . . . . . . Power Chain Reactions . | . . . . . . Alert | -11 -10 -10 -10 -9 -8 ------- Run | Yrd Mat Min Exi Min Mat Maximum Alert Level . | . . . . . . Low Security (%) 100 | 100 100 100 . 100 100 Level 1 . | . . . . . . Level 2 . | . . . . . . Level 3 . | . . . . . . Level 4 . | . . . . . . Level 5 . | . . . . . . High Security . | . . . . . . Max Security . | . . . . . . Peak Influence 138 | 5 105 70 . 55 138 Initial 3 | . 3 . . . 3 Average 30 | 2 27 13 . 6 62 Influence Increases 1282 | 15 308 133 . 145 681 Destroy 0b10 Robot/C 680 | . 200 100 . 40 340 Destroy 0b10 Robot/NC 135 | 15 45 5 . 10 60 Destroy Leader 162 | . 48 20 . 10 84 Allied During Kill 19 | . . 8 . 11 . Destroy Structure 31 | . . . . 29 2 Lose Combat Pursuer 255 | . 15 . . 45 195 Influence Decreases 1174 | 10 313 133 . 134 584 Entered New Map 10 | . 2 . . . 8 Time Decay 999 | 10 311 133 . 94 451 Lost Part 165 | . . . . 40 125 Squads Dispatched 5 | . 1 . . . 4 Investigation 1 | . 1 . . . . Extermination . | . . . . . . Reinforcement 4 | . . . . . 4 Assault . | . . . . . . Garrison . | . . . . . . Intercept . | . . . . . . Searches Triggered . | . . . . . . Construction Impeded . | . . . . . . Haulers Reinforced . | . . . . . . Active Scanning Responses . | . . . . . . Cargo Convoy Interrupts . | . . . . . . Stealth | -11 -10 -10 -10 -9 -8 --------- Run | Yrd Mat Min Exi Min Mat Distress Signals 12 | . . . . 1 11 Communications Jammed . | . . . . . . Distress Signals . | . . . . . . Times Spotted 87 | . 19 3 . 27 38 Peak Tracking Total 16 | . 5 2 . 16 5 Tactical Retreats 13 | . 1 . . 3 9 Traps | -11 -10 -10 -10 -9 -8 ------- Run | Yrd Mat Min Exi Min Mat Traps Triggered 2 | . 2 . . . . Indirectly . | . . . . . . Trap Hack Attempts . | . . . . . . Triggered . | . . . . . . Disarmed . | . . . . . . Reprogrammed . | . . . . . . Reused . | . . . . . . Traps Extracted . | . . . . . . Installed . | . . . . . . Triggered . | . . . . . . Machines | -11 -10 -10 -10 -9 -8 ---------- Run | Yrd Mat Min Exi Min Mat Machines Disabled . | . . . . . . Max in Single Turn . | . . . . . . Machines Repaired . | . . . . . . Machines Dismantled . | . . . . . . Machines Sabotaged . | . . . . . . Overloaded Fab Kills . | . . . . . . Hacking | -11 -10 -10 -10 -9 -8 --------- Run | Yrd Mat Min Exi Min Mat Machines Accessed 6 | . 5 . 1 . . Terminals 5 | . 5 . . . . Fabricators . | . . . . . . Repair Stations . | . . . . . . Recycling Units . | . . . . . . Scanalyzers . | . . . . . . Garrison Access . | . . . . . . Total Hacks 14 | . 13 . 1 . . Successful 7 | . 6 . 1 . . Failed 7 | . 7 . . . . Catastrophic 1 | . 1 . . . . Database Lockouts . | . . . . . . Manual 1 | . . . 1 . . Terminals 13 | . 13 . . . . Fabricators . | . . . . . . Repair Stations . | . . . . . . Recycling Units . | . . . . . . Scanalyzers . | . . . . . . Garrison Access . | . . . . . . Terminal Hacks 7 | . 6 . 1 . . Alert Level 3 | . 3 . . . . Locate Traps 2 | . 2 . . . . Zone Layout 1 | . 1 . . . . Proto ID Catalog 1 | . . . 1 . . Fabricator Hacks . | . . . . . . Repair Station Hacks . | . . . . . . Recycling Unit Hacks . | . . . . . . Scanalyzer . | . . . . . . Garrison Access Hacks . | . . . . . . Unauthorized Hacks . | . . . . . . Terminals . | . . . . . . Fabricators . | . . . . . . Repair Stations . | . . . . . . Recycling Units . | . . . . . . Scanalyzers . | . . . . . . Garrison Access . | . . . . . . Data Cores Recovered 1 | . 1 . . . . Used . | . . . . . . Hacking Detections 3 | . 3 . . . . Full Trace Events 1 | . 1 . . . . Feedback Events . | . . . . . . Feedback Blocked . | . . . . . . Robot Schematics Acquired . | . . . . . . Robots Built . | . . . . . . Authchips . | . . . . . . Time . | . . . . . . Total Robot Build Rating . | . . . . . . Part Schematics Acquired . | . . . . . . Parts Built . | . . . . . . Authchips . | . . . . . . Time . | . . . . . . Total Part Build Rating . | . . . . . . Part Studies Acquired . | . . . . . . Parts Repaired . | . . . . . . Time . | . . . . . . Parts Recycled . | . . . . . . Recycled Matter . | . . . . . . Retrieved Matter . | . . . . . . Retrieved Components . | . . . . . . Parts Scanalyzed . | . . . . . . Part Schematics Acquired . | . . . . . . Parts Damaged . | . . . . . . Bothacking | -11 -10 -10 -10 -9 -8 ------------ Run | Yrd Mat Min Exi Min Mat Used RIF Installer . | . . . . . . Robots Hacked . | . . . . . . Non-combat . | . . . . . . Combat . | . . . . . . Robot Hacks Applied . | . . . . . . Relay Couplers Released . | . . . . . . Fabnet Peak Effective % . | . . . . . . Robots Rewired . | . . . . . . Allies Hacked . | . . . . . . Hacks Repelled . | . . . . . . Allies | -11 -10 -10 -10 -9 -8 -------- Run | Yrd Mat Min Exi Min Mat Total Allies 4 | . . 4 . . . Largest Group 4 | . . 4 4 3 . Highest-Rated Group 71 | . . 71 71 40 . Highest-Rated Ally 31 | . . 31 31 16 . Total Orders . | . . . . . . Ally Attacks 24 | . . 1 . 23 . Total Damage 1112 | . . 12 . 1100 . Kills 14 | . . 1 . 13 . Allies Corrupted . | . . . . . . Allies Melted . | . . . . . . Turrets Deployed 3 | . . . . 3 . Intel | -11 -10 -10 -10 -9 -8 ------- Run | Yrd Mat Min Exi Min Mat Active Infowar (turns) 2644 | 3 1013 636 283 375 334 Sensors 334 | . . . . . 334 Seismic 2310 | 3 1013 636 283 375 . Robot Analysis Total . | . . . . . . Derelict Logs Recovered 3 | . . 2 . 1 . Drone Launches . | . . . . . . Drone Recoveries . | . . . . . . Exploration | -11 -10 -10 -10 -9 -8 ------------- Run | Yrd Mat Min Exi Min Mat Turns Passed 5067 | 96 1013 636 283 1403 1636 Spaces Moved 2369 | 41 588 454 207 501 578 Core 23 | 23 . . . . . Treads 571 | 18 161 . . 272 120 Legs . | . . . . . . Wheels 1775 | . 427 454 207 229 458 Hover . | . . . . . . Flight . | . . . . . . Fastest Speed 50 | 50 135 135 135 135 98 Average Speed 163 | 137 141 135 135 235 158 Slowest Speed 400 | 200 160 135 135 320 400 Overloaded Moves . | . . . . . . Propulsion Burnouts . | . . . . . . Robots Hopped 4 | . . . . 4 . Potential Cave-ins . | . . . . . . Cave-ins Triggered . | . . . . . . Exploration Rate (%) 59 | 4 90 95 59 72 39 Regions Visited 5 Branch Regions 3 Pre-discovered Areas 2 | . . 1 . 1 . Known Exits Taken . | . . . . . . Unknown Exits Taken 5 | 1 1 1 1 1 . Scrap Searched 4 | . . 1 . 3 . Spaces Dug . | . . . . . . Terrain Destroyed 36 | . . . . 36 . Melee . | . . . . . . Projectile . | . . . . . . AOE 36 | . . . . 36 . Terrain Rammed . | . . . . . . Walls Destroyed . | . . . . . . Machines Disabled . | . . . . . . Actions | -11 -10 -10 -10 -9 -8 --------- Run | Yrd Mat Min Exi Min Mat Total 3207 | 61 676 467 212 706 1085 Wait 490 | . 21 . . 181 288 Move 2356 | 40 587 453 206 492 578 Hop 4 | . . . . 4 . Pick Up 59 | 5 14 4 3 9 24 Fast Attach 21 | 7 . . . . 14 Attach 22 | . . . . 5 17 Detach . | . . . . . . Swap 16 | . 8 . . 1 7 Drop 24 | . . 3 3 4 14 Fire 212 | 9 46 7 . 9 141 Melee . | . . . . . . Ram 3 | . . . . 1 2 Kick . | . . . . . . Crush . | . . . . . . Escape Stasis . | . . . . . . Rewire . | . . . . . . Trap . | . . . . . . Miscellaneous . | . . . . . . Route ------- -11/Scrapyard -10/Materials (discovered 4 exits: [*Mat x3] / [*Min]) -10/Mines (discovered 3 exits: [*Mat x2] / *Exi) -10/Exiles -9/Mines -8/Materials (discovered 2 exits: [*Fac x2]) History --------- Turn | Location | Event 9 | -11/Scrapyard | Discovered new exit (range 16) 97 | -11/Scrapyard | Entered Materials 310 | -10/Materials | Build established: Mutant 403 | -10/Materials | Discovered new exit (range 10) 525 | -10/Materials | Discovered new exit (range 16) 690 | -10/Materials | Discovered new exit (range 9) 1064 | -10/Materials | Discovered new exit (range 8) 1110 | -10/Materials | Entered Mines 1156 | -10/Mines | Assisted by bots powering up and referring to "LRC-V3" 1183 | -10/Mines | Discovered new exit (range 11) 1258 | -10/Mines | Learned location of Recycling (-9) 1303 | -10/Mines | Learned Materials emergency access door positions 1470 | -10/Mines | Discovered new exit (range 7) 1626 | -10/Mines | Found a Scrap Suit stashed away for nefarious purposes 1668 | -10/Mines | Found DCF Scrap (12 items) 1723 | -10/Mines | Received a Mining Laser from a helpful Derelict 1739 | -10/Mines | Deemed a non-threat by the Exiles lab entrance 1740 | -10/Mines | Discovered new exit (range 5) 1746 | -10/Mines | Entered Exiles 1746 | -10/Exiles | Accompanied by 4 allies 1779 | -10/Exiles | Met 8R-AWN 1803 | -10/Exiles | Met EX-HEX 1838 | -10/Exiles | Met EX-BIN 1854 | -10/Exiles | Aligned with FarCom system 1856 | -10/Exiles | Given EX-Vault access code 1887 | -10/Exiles | Opened EX-Vault 1897 | -10/Exiles | Found Deploy-a-Sentry 1899 | -10/Exiles | Found Deploy-a-Sentry 1901 | -10/Exiles | Found Deploy-a-Sentry 1931 | -10/Exiles | Warned to stay clear of 0b10 Research branches 1968 | -10/Exiles | Met EX-DEC 2016 | -10/Exiles | Discovered new exit (range 10) 2029 | -10/Exiles | Left Exiles lab with Deploy-a-Sentry 2029 | -10/Exiles | Entered Mines 2029 | -9/Mines | Accompanied by 3 allies 2030 | -9/Mines | Learned location of Storage (-9) 2124 | -9/Mines | Learned 2 Materials zone layouts 2262 | -9/Mines | Received a Rocket Launcher from a helpful Derelict 2341 | -9/Mines | Assembled infested the area 2346 | -9/Mines | Assisted by a Guerilla fighting off Assembled 2375 | -9/Mines | Core integrity fell below 50% 2389 | -9/Mines | Lost 3 allies 2397 | -9/Mines | Core integrity fell below 20% 2409 | -9/Mines | DAS Turret deployed 2435 | -9/Mines | Lost 6 parts (3n1u2w) 3171 | -9/Mines | DAS Turret deployed 3182 | -9/Mines | DAS Turret deployed 3416 | -9/Mines | Discovered new exit (range 6) 3432 | -9/Mines | Entered Materials 3432 | -8/Materials | Evolved 4 slots: Propulsion x4 3809 | -8/Materials | Lost 3 parts (3n) 3960 | -8/Materials | Lost 7 parts (1p4n1u1w) 4109 | -8/Materials | Core integrity fell below 50% 4138 | -8/Materials | Discovered new exit (range 11) 4151 | -8/Materials | Lost 4 parts (1n1u2w) 4419 | -8/Materials | Core integrity fell below 20% 4692 | -8/Materials | Discovered new exit (range 3) 4906 | -8/Materials | Build established: Scavenger-Mutant 5068 | -8/Materials | Destroyed by G-47 Trooper with Particle Gun Last Messages --------------- 04912_ U-05 Engineer builds a Door. 04914_ Acquired 40 matter. 04915_ Dropped Lgt. Ion Engine. 04915_ U-05 Engineer destroyed. 04916_ Acquired 1 matter. 04918_ K-01 Serf collects debris. 04925_ Acquired Wheel. 04949_ K-01 Serf destroyed. 04950_ R-06 Scavenger collects Wheel. 04953_ Acquired Wheel. 04957_ R-06 Scavenger destroyed. 04993_ K-01 Serf cleans the TF Node. 05020_ O-16 Technician sends out distress signal. 05020_ O-16 Technician: "IFF HANDSHAKE FAILED. SECURING TERMINAL." 05024_ ALERT: Hostiles spotted, dispatching reinforcements to Terminal M007. 05050_ Lgt. Assault Rifle destroyed. 05053_ Wheel destroyed. 05057_ Y-45 Defender destroyed. 05060_ Acquired Hvy. Assault Rifle. Map ----- +----------------------------------------------------+ | ?????????????????????????????????????????????????? | | ?????????????????????????????????????????????????? | | ?????????????????????????????????????????????????? | | ?????????????????????????????????????????????????? | | ?????????????????????????????????????????????????? | | ?????????????????????????????????????????????????? | | ?????????????????????????????????????????????????? | | ?????????????????????????????????????????????????? | | ?????????????????????????????????????????????????? | | ?????????????????????????????????????????????????? | | ?????????????????????????????????????????????????? | | ?????????????????????????????????????????????????? | | ?????????????????????????????????????????????????? | | ?????????????????????????????????????????????????? | | ??????????###########????????????????????????????? | | ??????????# / #????????????????????????????? | | ??????????# #???????????????????b????????? | | ??????????# #???????????????????g????????? | | ??????????# #??????????????????g?????????? | | ??????????###+#######????????????????????????????? | | ??????????# ########################?????????? | | ??????????# ????????? | | ??????????# " ????????? | | ??????????# g g=%! ????????? | | ??????????# ##########g#######???????????????? | | ??????????# ###??# @ [ !#???????????????? | | ??????????# #????# """ """ #???????????????? | | ??????????# #????# """ """ ===#???????????????? | | ??????????# #????# """ """ == #???????????????? | | ??????????# #????# [= #???????????????? | | ??????????# #????# [ #???????????????? | | ???#??????# #############+################?????? | | ???# ?????# # ! #??????????# #?????? | | ???# ????# # #??????????# """ #?????? | | ???# #### # #??????????# """ #?????? | | ???# # #??????????#! """ #?????? | | ???+ + " " #??????????#!! #?????? | | ???# # "G" #??????????#!! """ +?????? | | ???######## # """ #??????????# ! T"^#?????? | | ??????????# # #??????????# """ #?????? | | ??????????# ##########??????????# #?????? | | #?????????# ##############+#############+####### | | #?????????# * % !%! %*//= # | | #?????????# % * ! =* *! ! # | | #?????????# !=* *%! | | ########??###########+### ##############+### | | #[ ! #???????# # #??????????? ?# | | #! #???????# !# #?????????? "" # | | +!= #???????# # #????????? ""S # | | #/ [ #???????# # #???????? "" # | +----------------------------------------------------+ Best States ------------- Heat Dissipation 31 Energy Generation 14 Energy Capacity 250 Matter Stores 300 Matter Capacity 300 Sight Range 16 Robot Scan Range 14 Terrain Scan Density 10 Armor Coverage 225 Weapon Shielding 33 Evasion (%) 50 Recoil Reduction 6 Item Schematics ----------------- None Robot Schematics ------------------ None Fabricated ------------ Nothing Repaired ---------- Nothing Studied --------- None Alien Tech Used ----------------- None Achievements -------------- Slippery One Challenges ------------ None Game ------ Seed WeaponMetafiberAutobeam Manual? 0 Play Time 00:28:28 Cumulative 46.2 hours Start 2026.06.22 @ 22:49:28 End 2026.06.22 @ 23:10:39 Sessions 1 Manual Loads 0 Difficulty Rogue Special Mode None Game No. 93 Rogue 93 Adventurer 0 Explorer 0 Win Type - Total 0 Types 0/0/0/0/0/0/0/0/0/0 Lore% 23 Gallery% 24 Achievement% 21 Wizard Run 0 Options --------- Layout 0 ASCII 0 Keyboard 0 Movement Mouse Keybinds 0 Fullscreen 2 Font 24/Smallcaps Map View 76x50 Zoom Use 0% Tactical HUD 1 Map Filters NONE Filters NONE Steam 1 RUN: ee757828-c992-434f-8f60-8453ef357dbc